[Event "Early-Titled-Tuesday-Blitz-November-28-2023"]
[Site "Chess.com"]
[Date "2023.11.28"]
[Round "2"]
[White "maracayo"]
[Black "YouJustFoundYourGodfather"]
[Result "0-1"]
[WhiteElo "2353"]
[BlackElo "2593"]
[TimeControl "180+1"]
[EndTime "8:17:53 PST"]
[Termination "YouJustFoundYourGodfather won by resignation"]

1. e4 c5 2. Nf3 g6 3. Be2 Bg7 4. O-O Nc6 5. c3 Nf6 6. d3 Kf8 7. Re1 d6 8. h3 h6 9. Nbd2 Kg8 10. d4 cxd4 11. cxd4 Kh7 12. e5 Nd5 13. Bc4 Be6 14. Ne4 dxe5 15. Nc5 Nxd4 16. Nxd4 exd4 17. Nxe6 fxe6 18. Rxe6 Bf6 19. Qg4 h5 20. Qg3 Rc8 21. Bd3 Rg8 22. Bg5 Rc6 23. Rae1 Rxe6 24. Rxe6 Qd7 25.
Re4 Nb4 26. Bxf6 exf6 27. Qf3 Nxd3 28. Qxd3 Rd8 29. g4 hxg4 30. hxg4 Kg7 31. b3 Kf7 32. Kg2 Qd5 33. f3 f5 34. gxf5 gxf5 35. Rh4 b5 36. Qd2 Rg8+ 37. Kf2 Qe5 38. Qxd4 Qg3+ 39. Ke3 Qe1+ 40.
Kf4 Qxh4+ 0-1

[Event "Early-Titled-Tuesday-Blitz-November-28-2023"]
[Site "Chess.com"]
[Date "2023.11.28"]
[Round "2"]
[White "Maxfan2008"]
[Black "Igor_Lysyj"]
[Result "0-1"]
[WhiteElo "2545"]
[BlackElo "2830"]
[TimeControl "180+1"]
[EndTime "8:17:54 PST"]
[Termination "Igor_Lysyj won on time"]

1. d4 d5 2. c4 e6 3. Nc3 c5 4. cxd5 exd5 5. Nf3 Nc6 6. dxc5 d4 7. Na4 Bxc5 8. Nxc5 Qa5+ 9. Bd2 Qxc5 10. Rc1 Qb6 11. Qa4 Nf6 12. b4 a6 13. Ne5 O-O 14. Nxc6 bxc6 15. Qxc6 Qb8 16. Qc7 Qxc7 17. Rxc7 Be6 18. e3 dxe3 19. Bxe3 Bxa2 20. Bc4 Bxc4 21. Rxc4 Nd5 22. Bc5 Rfe8+ 23. Kd2 Rad8 24. Rd4 Nxb4 25. Ra1 Rxd4+ 26. Bxd4 Re6 27. Bc3 Nd5 28. Rb1 f6 29. Rb8+ Kf7 30. Rb7+ Re7 31. Rb3 Nf4 32. Bb4 Rd7+ 33.
Ke3 Nxg2+ 34. Kf3 Nh4+ 35. Kg4 Ng6 0-1

[Event "Early-Titled-Tuesday-Blitz-November-28-2023"]
[Site "Chess.com"]
[Date "2023.11.28"]
[Round "2"]
[White "SHIVACalypso"]
[Black "DonCiao"]
[Result "1-0"]
[WhiteElo "2440"]
[BlackElo "2115"]
[TimeControl "180+1"]
[EndTime "8:17:54 PST"]
[Termination "SHIVACalypso won by resignation"]

1. e4 c5 2. Nc3 Nc6 3. g3 g6 4.
Bg2 Bg7 5. f4 d6 6. Nf3 e6 7.
O-O Nge7 8. d3 O-O 9. Be3 b6 10.
d4 Ba6 11. Re1 d5 12. exd5 exd5 13. Qd2 Nf5 14. Bf2 cxd4 15. Ne2 Ne3 16. Nexd4 Nxd4 17. Nxd4 Nxg2 18. Kxg2 Qc7 19. c3 Rfe8 20. Rxe8+ Rxe8 21. Re1 Rd8 22. f5 Bc8 23. Qg5 h6 24. Qe3 gxf5 25.
Qf3 Qd7 26. Be3 Re8 27. Rf1 Qa4 28. Nxf5 Bxf5 29. Qxf5 Qe4+ 30. Qxe4 Rxe4 31. Kf3 h5 32. Rd1 Re5 33. Bf4 Rf5 34. h3 Bh6 35. Ke3 Bxf4+ 36. gxf4 Kf8 37. Rd4 Ke7 38. Ra4 a5 39. b4 Kd6 40.
bxa5 bxa5 41. Kf3 d4 42. Rxd4+ Kc5 43. Ke4 Rf6 44. Rd5+ Kc4 45. Rxa5 Kxc3 46. Rxh5 Kb4 47. Rf5 Re6+ 48. Kf3 Rh6 49. Kg4 Rg6+ 50. Kh5 Rg3 51.
h4 Rh3 52. Rxf7 Ka3 53. f5 Kxa2 54. f6 Kb3 55. Rc7 Rf3 56. f7 Kb4 57. Kg6 Kb5 58. Kg7 Rg3+ 59. Kh7 Rf3 60. Kg8 Rg3+ 61. Kf8 Kb6 62. Re7 Kc6 63. Ke8 1-0

[Event "Early-Titled-Tuesday-Blitz-November-28-2023"]
[Site "Chess.com"]
[Date "2023.11.28"]
[Round "2"]
[White "Sadykov_Ramil"]
[Black "AsaHoffmann"]
[Result "1-0"]
[WhiteElo "2695"]
[BlackElo "2358"]
[TimeControl "180+1"]
[EndTime "8:17:55 PST"]
[Termination "Sadykov_Ramil won on time"]

1. d4 Nf6 2. Nc3 d6 3. e4 c6 4. Be3 Ng4 5. Bg5 Qb6 6. Qd2 e5 7. Nf3 h6 8. Bh4 g5 9. Bg3 exd4 10. Nxd4 Bg7 11. O-O-O Ne5 12. h4 g4 13. f4 gxf3 14.
gxf3 Rg8 15. f4 Ng4 16. Bc4 Qxd4 17. Qxd4 Bxd4 18. Rxd4 Ne3 19. Bf2 Nxc4 20. Rxc4 Be6 21. Rd4 Ke7 22. f5 Bc8 23. Rhd1 Rd8 24. Bg3 d5 25.
exd5 Bxf5 26. dxc6 Nxc6 27. Nd5+ Kf8 28. R4d2 Rac8 29.
Bf4 Kg7 30. Rg1+ Kh7 31. Nf6+ Kh8 32. Bxh6 Bg6 33. h5 Rxd2 34. hxg6 fxg6 35. Kxd2 Nd4 36. Kd3 Nf3 37. Rh1 Ne5+ 38. Ke4 Rxc2 39. Bf8+ 1-0

[Event "Early-Titled-Tuesday-Blitz-November-28-2023"]
[Site "Chess.com"]
[Date "2023.11.28"]
[Round "2"]
[White "Zurability"]
[Black "MasterKroket"]
[Result "1-0"]
[WhiteElo "2870"]
[BlackElo "2501"]
[TimeControl "180+1"]
[EndTime "8:17:56 PST"]
[Termination "Zurability won on time"]

1. Nf3 Nf6 2. c4 g6 3. Nc3 d5 4. cxd5 Nxd5 5. e4 Nxc3 6. dxc3 Qxd1+ 7. Kxd1 Bg7 8. Bf4 c6 9. Nd2 O-O 10. f3 e5 11. Be3 Be6 12. Bc4 Bxc4 13. Nxc4 Rd8+ 14.
Kc2 Na6 15. Rhd1 f6 16. Na5 Bf8 17. Nxb7 Rdc8 18. Rd7 Nb8 19. Rd2 Rc7 20. Na5 Nd7 21. Rad1 Nb6 22. Rd8 Rxd8 23. Rxd8 Kf7 24. b4 c5 25. b5 Be7 26. Rh8 Kg7 27. Rb8 f5 28. Nc6 Bf8 29. Nxe5 fxe4 30. fxe4 Re7 31. Bxc5 Rxe5 32.
Bxf8+ Kf6 33. Bh6 Rxe4 34. Rb7 Re2+ 35. Kb3 Rxg2 36. Rxa7 Rxh2 37. Be3 Nd5 38. Bd4+ Kf5 39. b6 Rh1 40. b7 Rb1+ 41. Kc4 Ke4 42. a4 h5 43. a5 h4 44. a6 h3 45. Ra8 h2 46.
Rh8 Nc7 47. Rxh2 Nxa6 48. Re2+ Kf5 49. Re7 g5 50. Kd5 g4 51. Rf7+ Kg5 52. Rg7+ Kh4 53.
Be5 Kh3 54. Rg6 1-0

[Event "Early-Titled-Tuesday-Blitz-November-28-2023"]
[Site "Chess.com"]
[Date "2023.11.28"]
[Round "2"]
[White "Levanzovsky"]
[Black "wannabe2700"]
[Result "0-1"]
[WhiteElo "2359"]
[BlackElo "2621"]
[TimeControl "180+1"]
[EndTime "8:17:56 PST"]
[Termination "wannabe2700 won by resignation"]

1. e4 d5 2. exd5 Qxd5 3. Nc3 Qa5 4. d4 Nf6 5. Nf3 Bf5 6. Ne5 c6 7. Bc4 e6 8. g4 Bg6 9. h4 Nbd7 10. Nxd7 Nxd7 11.
h5 Be4 12. O-O Bd5 13. Nxd5 cxd5 14. Bd3 Bd6 15. f4 O-O-O 16. Be3 g6 17. h6 Nf6 18.
Qf3 Kb8 19. c3 Qc7 20. a4 Qc6 21. Rfc1 Ne4 22. c4 f5 23. c5 Be7 24. g5 e5 25.
b4 exf4 26. Bxf4+ Ka8 27. b5 Qe6 28. c6 Bxg5 29. cxb7+ Kxb7 30. Rc7+ Ka8 31. a5 Bxf4 32. Qxf4 Qf6 33. b6 Qxd4+ 34. Kg2 Rd6 35. Bxe4 dxe4 36.
Rxa7+ Kb8 37. Rd7 Qb2+ 38. Kh3 Qc3+ 39. Kg2 Qf3+ 40. Qxf3 exf3+ 41. Kxf3 Rxd7 42. a6 Rc8 43. b7 Rc3+ 44. Kf4 Ka7 45. Ke5 Rb3 0-1

[Event "Early-Titled-Tuesday-Blitz-November-28-2023"]
[Site "Chess.com"]
[Date "2023.11.28"]
[Round "2"]
[White "Nadeev_Sergey"]
[Black "anemih"]
[Result "1-0"]
[WhiteElo "2355"]
[BlackElo "2500"]
[TimeControl "180+1"]
[EndTime "8:17:56 PST"]
[Termination "Nadeev_Sergey won by resignation"]

1. e4 c5 2. Nf3 g6 3. d4 cxd4 4.
Nxd4 Nc6 5. c4 Nf6 6. Nc3 Nxd4 7. Qxd4 d6 8. Bg5 Bg7 9. Qd2 O-O 10. Be2 Be6 11. Rc1 Rc8 12. b3 a5 13. O-O Nd7 14.
Rfd1 Nc5 15. f3 Qb6 16. Kh1 a4 17. Bxe7 Rfe8 18. Bxd6 axb3 19. Bxc5 Qxc5 20. axb3 Qb4 21. Qc2 Red8 22. Rxd8+ Rxd8 23. Nd5 Qc5 24. b4 Qa7 25. Rd1 Kh8 26. c5 f5 27. b5 fxe4 28. fxe4 Rc8 29. b6 Qa3 30. Nc7 Bb3 31. Qd3 Qb4 32. Rb1 Qxc5 33. Qxb3 Be5 34. Qd5 Qc3 35. Rf1 Bg7 36. Bc4 Qe3 37. Qe6 Rd8 38. Bd5 Qg5 39.
Qf7 Be5 40. g3 Qh6 41. Kg2 Bg7 42. Ne6 Qd2+ 43. Rf2 Be5 44. Rxd2 1-0

[Event "Early-Titled-Tuesday-Blitz-November-28-2023"]
[Site "Chess.com"]
[Date "2023.11.28"]
[Round "2"]
[White "FairChess_on_YouTube"]
[Black "Wizard_97"]
[Result "1-0"]
[WhiteElo "3092"]
[BlackElo "2650"]
[TimeControl "180+1"]
[EndTime "8:17:58 PST"]
[Termination "FairChess_on_YouTube won by checkmate"]

1. Nf3 Nf6 2. c4 e6 3. d4 c5 4.
Nc3 cxd4 5. Nxd4 Nc6 6. e3 Be7 7. Be2 O-O 8. O-O d5 9. cxd5 Nxd5 10. Bf3 Nxd4 11. exd4 Bf6 12. h3 b6 13. Nxd5 exd5 14.
Bf4 Ba6 15. Re1 Rc8 16. Be5 Re8 17. Qa4 Bc4 18. Bxf6 Rxe1+ 19. Rxe1 gxf6 20. b3 Bd3 21. Qxa7 Qd6 22. Qb7 Rd8 23. a4 Bc2 24. Re7 Qf4 25.
Qc7 Qxc7 26. Rxc7 Bxb3 27. Bh5 Bxa4 28. Bxf7+ Kh8 29. Be6 Be8 30. Kh2 Rd6 31. Re7 Bg6 32. f4 Be4 33. g4 Rd8 34. Rb7 Ra8 35. Kg3 Ra4 36. Kh4 Rxd4 37. Rb8+ Kg7 38. Rg8+ Kh6 39. g5+ fxg5+ 40. fxg5# 1-0

[Event "Early-Titled-Tuesday-Blitz-November-28-2023"]
[Site "Chess.com"]
[Date "2023.11.28"]
[Round "2"]
[White "koncheto"]
[Black "nochewycandy"]
[Result "0-1"]
[WhiteElo "2529"]
[BlackElo "2778"]
[TimeControl "180+1"]
[EndTime "8:17:58 PST"]
[Termination "nochewycandy won by checkmate"]

1. e4 e5 2. Nf3 Qe7 3. Nc3 Nf6 4. Bc4 c6 5. a4 d6 6. O-O a5 7. d4 Bg4 8. dxe5 dxe5 9. h3 Bh5 10. g4 Bg6 11.
Nh4 Nbd7 12. Be3 Qb4 13. Bd3 Bc5 14. Bxc5 Nxc5 15. Nf3 O-O 16. Nxe5 Qxb2 17. Qe1 Qb4 18. Rb1 Qd4 19. Nf3 Qd8 20. Qe3 Nxd3 21. cxd3 Qe7 22. Rb2 Rfd8 23. Rfb1 Rd7 24. Ne2 Rad8 25. Nf4 Ne8 26.
Nxg6 hxg6 27. d4 Nd6 28. Ne5 Rc7 29. f3 Qe6 30. Qb3 Qxb3 31. Rxb3 g5 32. Kf2 f6 33. Nd3 Ne8 34. Rxb7 Rxb7 35. Rxb7 Rxd4 36. Nc5 Rb4 37. Ra7 Rb2+ 38. Kg3 Nd6 39. Ne6 Nc4 40. Rxg7+ Kh8 41. Rc7 Ne3 42. h4 Nf1+ 43. Kh3 Rh2# 0-1

[Event "Early-Titled-Tuesday-Blitz-November-28-2023"]
[Site "Chess.com"]
[Date "2023.11.28"]
[Round "2"]
[White "Thormento16"]
[Black "carokannlover213"]
[Result "0-1"]
[WhiteElo "2350"]
[BlackElo "2692"]
[TimeControl "180+1"]
[EndTime "8:17:59 PST"]
[Termination "carokannlover213 won by resignation"]

1. e4 e5 2. Nf3 Nf6 3. Nc3 Nc6 4. d4 exd4 5. Nxd4 Nxe4 6. Nxe4 Qe7 7. Bd3 Nxd4 8. O-O d5 9. Ng5 h6 10. Re1 Ne6 11. Nf3 Qd8 12. Nd4 Be7 13. Nf5 Bf6 14. Qf3 O-O 15. Bxh6 Ng5 16. Bxg5 Bxg5 17. Rad1 Bxf5 18.
Qxf5 g6 19. Qg4 c6 20. g3 Qf6 21. h4 Bh6 22. h5 g5 23. Re3 Rae8 24. Rde1 Rxe3 25.
Rxe3 Qxb2 26. Qf5 Qa1+ 27. Kg2 Qg7 28. Re7 Rb8 29. Rxb7 Rxb7 30. Qc8+ Qf8 31. Qxb7 Qc5 32. Qc8+ Kg7 33. Qf5 Qf8 34. Qh7+ Kf6 35. a4 a5 36.
c4 Ke5 37. c5 Kd4 38. Be2 Kxc5 39. Qc2+ Kb6 40. Qb2+ Qb4 41. Qf6 Qe4+ 42. Bf3 Qe6 43.
Qd8+ Kc5 44. Qxa5+ Kd4 45. Qd2+ Kc5 46. a5 g4 47. Be2 Bxd2 0-1

[Event "Early-Titled-Tuesday-Blitz-November-28-2023"]
[Site "Chess.com"]
[Date "2023.11.28"]
[Round "2"]
[White "guillembaches"]
[Black "TedBelanoff"]
[Result "1-0"]
[WhiteElo "2527"]
[BlackElo "2328"]
[TimeControl "180+1"]
[EndTime "8:17:59 PST"]
[Termination "guillembaches won by resignation"]

1. d4 b5 2. Nf3 Bb7 3. Bg5 Bxf3 4. exf3 Nf6 5. Bxb5 c6 6. Be2 Qb6 7. b3 g6 8. O-O Bg7 9. c4 O-O 10. Nc3 Re8 11. Qd2 d6 12. Rfe1 Nfd7 13. Rad1 c5 14. Be3 Qb7 15. Bf1 Nc6 16. d5 Nd4 17. Ne2 Nf5 18. Ng3 Nh4 19. Bh6 Bf6 20. Bg5 Qc8 21. Ne4 Bxg5 22. Qxg5 Nf5 23. Ng3 Ng7 24. Rxe7 Rxe7 25. Qxe7 Qc7 26. Ne4 Nf5 27. Nf6+ Kg7 28. Qxd7 Qxd7 29. Nxd7 Rd8 30. Nxc5 dxc5 31. Re1 Kf6 32.
Bd3 Nd4 33. Kf1 Rd6 34. Rd1 Ra6 35. Rd2 Rb6 36. Ke1 a5 37. Bc2 a4 38. Bd1 axb3 39. axb3 Ra6 40. b4 Ke5 41. bxc5 Ra5 42. f4+ Ke4 43. Bf3+ Nxf3+ 44. gxf3+ Kxf3 45. d6 Ra1+ 46. Rd1 Ra2 47. d7 Re2+ 48. Kf1 Rxf2+ 49. Kg1 Rg2+ 50.
Kh1 Rd2 51. Rxd2 1-0

[Event "Early-Titled-Tuesday-Blitz-November-28-2023"]
[Site "Chess.com"]
[Date "2023.11.28"]
[Round "2"]
[White "DumbKing75"]
[Black "Grischuk"]
[Result "0-1"]
[WhiteElo "2641"]
[BlackElo "3057"]
[TimeControl "180+1"]
[EndTime "8:18:00 PST"]
[Termination "Grischuk won on time"]

1. e4 e5 2. Nf3 Nc6 3. Bb5 a6 4. Bxc6 dxc6 5. O-O Qf6 6. d4 exd4 7. Bg5 Qd6 8. Nxd4 Be7 9. Be3 Bd7 10. Nc3 O-O-O 11.
Qe2 h5 12. Rad1 Qg6 13. f4 Bg4 14. Nf3 f5 15. Rxd8+ Bxd8 16. Ne5 Bxe2 17. Nxg6 Bxf1 18.
Nxh8 Bc4 19. exf5 Nh6 20. Bd4 Nxf5 21. Be5 g5 22. b3 Bg8 23. Ne2 c5 24. fxg5 Bxg5 25. Nf4 h4 26. Kf2 c4 27. Nhg6 b5 28. g4 hxg3+ 29. hxg3 c5 30. g4 Nd4 31. c3 cxb3 32.
axb3 Nxb3 33. Nh3 Bd8 34. g5 Kd7 35. Bf6 Bxf6 36. gxf6 Ke6 37. Ne7 Bf7 38. Ng5+ Kxf6 39. Nxf7 Kxe7 40. Ne5 Kd6 41. Nf3 Kd5 42. Ke3 Kc4 0-1

[Event "Early-Titled-Tuesday-Blitz-November-28-2023"]
[Site "Chess.com"]
[Date "2023.11.28"]
[Round "2"]
[White "dmosesov"]
[Black "MatthewG-p4p"]
[Result "0-1"]
[WhiteElo "2601"]
[BlackElo "2946"]
[TimeControl "180+1"]
[EndTime "8:18:00 PST"]
[Termination "MatthewG-p4p won by resignation"]

1. Nf3 c5 2. c4 g6 3. g3 Bg7 4.
Bg2 Nc6 5. O-O e6 6. Nc3 Nge7 7.
a3 O-O 8. Rb1 d6 9. d3 b6 10.
Qd2 Bb7 11. b4 Qd7 12. h4 Nd4 13. Nxd4 cxd4 14. Ne4 d5 15. cxd5 Nxd5 16. Bb2 h6 17. g4 f5 18. gxf5 exf5 19. Ng3 Rae8 20. Rbc1 f4 21. Ne4 f3 22. exf3 Nf4 23. Rfe1 Qd8 24. Rc4 Bd5 25. Rxd4 Bxd4 26. Bxd4 Qxh4 27. Nf6+ Kf7 28.
Ng4 Rxe1+ 29. Qxe1 Re8 30. Be5 Nxg2 31. Qc3 Ne1 32.
Qc7+ Qe7 33. Nxh6+ Ke6 34. Qc3 Nxf3+ 35. Kf1 Nxe5 0-1

[Event "Early-Titled-Tuesday-Blitz-November-28-2023"]
[Site "Chess.com"]
[Date "2023.11.28"]
[Round "2"]
[White "betta2004"]
[Black "Elsa167"]
[Result "0-1"]
[WhiteElo "2582"]
[BlackElo "2902"]
[TimeControl "180+1"]
[EndTime "8:18:01 PST"]
[Termination "Elsa167 won by resignation"]

1. e4 e6 2. d4 d5 3. Bd3 c5 4.
exd5 exd5 5. Nf3 c4 6. Be2 Nc6 7. O-O Bd6 8. b3 cxb3 9. axb3 Nf6 10. c4 h6 11. h3 O-O 12. Ba3 Re8 13. Bxd6 Qxd6 14.
Nc3 Bf5 15. c5 Qf4 16. Nb5 Ne4 17. Qc1 Qxc1 18. Rfxc1 Re7 19. Bd3 Bg6 20. Nh4 Rae8 21. Nxg6 fxg6 22. f3 Ng3 23. Bxg6 Ne2+ 24. Kh2 Nxc1 25.
Bxe8 Nxb3 26. Bxc6 bxc6 27. Ra3 cxb5 28. Rxb3 a6 29.
Kg3 Kf7 30. Kf4 Ke8 31. Kf5 Kd7 32. g4 Kc6 33. f4 a5 34. Kg6 a4 35. Rb1 a3 36. f5 a2 37. Ra1 Ra7 38. Re1 a1=Q 39. Re6+ Kc7 40. Kxg7 Kd8+ 41. Kg8 Qxd4 42. f6 Qf4 43.
Rd6+ Qxd6 44. cxd6 d4 45. h4 d3 46. g5 hxg5 47.
hxg5 d2 48. g6 d1=Q 49. f7 Qd5 50. Kg7 Qe5+ 51. Kg8 Qe6 52. Kg7 Qxd6 53. Kh7 Qf8 0-1

[Event "Early-Titled-Tuesday-Blitz-November-28-2023"]
[Site "Chess.com"]
[Date "2023.11.28"]
[Round "2"]
[White "Alenzer"]
[Black "chesstrainer2042"]
[Result "0-1"]
[WhiteElo "2039"]
[BlackElo "2442"]
[TimeControl "180+1"]
[EndTime "8:18:01 PST"]
[Termination "chesstrainer2042 won by resignation"]

1. e4 e5 2. Nf3 Nc6 3. Bb5 a6 4. Ba4 Bc5 5. c3 b5 6. Bb3 Nf6 7. O-O d6 8. d4 Bb6 9. Bg5 O-O 10. d5 Ne7 11. Re1 Ng6 12. Nbd2 h6 13. Be3 Bxe3 14.
fxe3 Ng4 15. Qe2 f5 16. exf5 Bxf5 17. e4 Bd7 18. Rf1 Qb8 19. h3 Qb6+ 20. Kh1 Nf4 21. Qe1 Nd3 22. Qg3 Ndf2+ 23. Rxf2 Qxf2 24. Qxf2 Nxf2+ 25. Kg1 Nd3 26. Rb1 a5 27. Bc2 Nc5 28.
c4 Rfb8 29. b3 bxc4 30. Nxc4 Bb5 31. Nfd2 Bd7 32. Rf1 a4 33. Bd1 axb3 34. axb3 Ra1 35. g4 Nd3 36. Bc2 Rxf1+ 37. Nxf1 Nf4 38. Kh2 Ra8 39.
Kg3 Ra2 40. Nfe3 Bb5 41. Bd1 Bxc4 42. bxc4 Ra3 43. Kf2 Nxh3+ 44. Kf3 Ng5+ 45. Kf2 Nxe4+ 0-1

[Event "Early-Titled-Tuesday-Blitz-November-28-2023"]
[Site "Chess.com"]
[Date "2023.11.28"]
[Round "2"]
[White "Gyulamiryan-koryun"]
[Black "Kostukov_Alex"]
[Result "1-0"]
[WhiteElo "1915"]
[BlackElo "2403"]
[TimeControl "180+1"]
[EndTime "8:18:01 PST"]
[Termination "Gyulamiryan-koryun won on time"]

1. e4 c5 2. Nf3 g6 3. c3 Bg7 4.
d4 cxd4 5. cxd4 d5 6. e5 Nc6 7. Nc3 Bg4 8. Bb5 Nh6 9. O-O Nf5 10. Qa4 O-O 11. Bxc6 bxc6 12. Be3 Bxf3 13. gxf3 Qb6 14. Qb3 Qxb3 15. axb3 Rfb8 16. Ra3 Rb4 17. Rd1 e6 18. Kf1 f6 19. f4 Bf8 20. Rda1 fxe5 21. fxe5 Nxd4 22.
Bxd4 Rxd4 23. Rxa7 Rxa7 24. Rxa7 Rb4 25. Ne2 Bc5 26. Rc7 Rxb3 27. Rxc6 Bb6 28. f4 Kf7 29.
h4 Rxb2 30. Nc3 Rc2 31. Rxb6 Rxc3 32. Rb7+ Kg8 33. Re7 Rc6 34. Ke2 h6 35. Kd3 Kf8 36. Rh7 h5 37. Ra7 Rc4 38. Ke3 Re4+ 39. Kf3 Rc4 40. Rb7 Rc3+ 41. Kg2 Rc6 42. Rd7 Kg8 43. Ra7 1-0

[Event "Early-Titled-Tuesday-Blitz-November-28-2023"]
[Site "Chess.com"]
[Date "2023.11.28"]
[Round "2"]
[White "erugee"]
[Black "TomLiu777"]
[Result "0-1"]
[WhiteElo "2329"]
[BlackElo "2527"]
[TimeControl "180+1"]
[EndTime "8:18:02 PST"]
[Termination "TomLiu777 won on time"]

1. e4 e6 2. d3 d5 3. Nd2 Nf6 4. Ngf3 Be7 5. g3 c5 6. Bg2 Nc6 7.
O-O O-O 8. e5 Nd7 9. Re1 b5 10.
Nf1 Bb7 11. h4 Qb6 12. Bf4 Rfc8 13. N1h2 Nd4 14. Nxd4 cxd4 15. Nf3 Nc5 16. Re2 Na4 17. Rb1 b4 18. Rd2 a5 19. Ng5 h6 20. Nh3 Qd8 21. Qh5 Nb6 22. Kh2 a4 23. Ng1 b3 24.
cxb3 axb3 25. axb3 Nd7 26. Nf3 Nc5 27. Nxd4 Ba6 28. Rbd1 Rab8 29. Bh3 Rb6 30. g4 Nxb3 31. Nxb3 Rxb3 32. g5 g6 33. Qf3 h5 34. Be3 d4 35.
Bf4 Rcb8 36. Qg3 Rxb2 37. Rxb2 Rxb2 38. Ra1 Qb6 39. Bg2 Kg7 40. Be4 Bb7 41. Bxb7 Qxb7 42. Rc1 Re2 43. Qg2 Qb2 0-1

[Event "Early-Titled-Tuesday-Blitz-November-28-2023"]
[Site "Chess.com"]
[Date "2023.11.28"]
[Round "2"]
[White "IsuruAlahakoon"]
[Black "JoliyRoger"]
[Result "0-1"]
[WhiteElo "2265"]
[BlackElo "2503"]
[TimeControl "180+1"]
[EndTime "8:18:02 PST"]
[Termination "JoliyRoger won on time"]

1. Nf3 Nf6 2. d4 e6 3. Nc3 d5 4.
Bg5 Bb4 5. Qd3 h6 6. Bh4 c5 7. a3 c4 8. Qd2 Ba5 9. Bxf6 Qxf6 10. g3 Nc6 11. Bg2 O-O 12. O-O b5 13. e4 Bxc3 14. bxc3 dxe4 15. Ne1 Qg6 16. f3 exf3 17.
Nxf3 Bb7 18. Nh4 Qg5 19. Qxg5 hxg5 20. Nf3 f6 21. Rab1 a6 22. Nd2 Na5 23. Bxb7 Nxb7 24.
Nxc4 Rac8 25. Nb6 Rxc3 26. a4 Nd6 27. Nd7 Re8 28. Rf2 Rc4 29. axb5 Nxb5 30. Nc5 Nxd4 31. Nxa6 Rxc2 32. Rxc2 Nxc2 33. Nc7 Re7 34. Rb8+ Kh7 35. Nb5 Rd7 36. Rc8 Nd4 37. Nc3 g4 38. Ne4 Kg6 39.
Kf2 Nf5 40. Ke2 Ra7 41. Rc2 Nd4+ 0-1

[Event "Early-Titled-Tuesday-Blitz-November-28-2023"]
[Site "Chess.com"]
[Date "2023.11.28"]
[Round "2"]
[White "MajorCoast"]
[Black "colegiodemadrid"]
[Result "0-1"]
[WhiteElo "2216"]
[BlackElo "2492"]
[TimeControl "180+1"]
[EndTime "8:18:02 PST"]
[Termination "colegiodemadrid won by checkmate"]

1. a4 Nf6 2. Nf3 g6 3. e3 Bg7 4. c3 O-O 5. d4 d6 6. Bd3 Re8 7. b4 e5 8. Bc4 d5 9. Ba2 e4 10. Nfd2 Ng4 11. Ba3 Qh4 12. g3 Qh3 13. Qe2 c6 14. c4 Be6 15. cxd5 cxd5 16. Nb3 Qg2 17. Qf1 Qf3 18. N1d2 Qf5 19. Nc5 Bc8 20. h3 Nf6 21. O-O-O b6 22. Ncb3 Qd7 23. b5 a6 24. Kb2 axb5 25.
Qxb5 Qb7 26. g4 Bd7 27. Nc5 Bxb5 28. Nxb7 Bxa4 29. Rc1 Nc6 30. Nd6 Red8 31. g5 Bf8 32.
gxf6 Bxd6 33. Bxd6 Rxd6 34. Rc3 Nb4 35. Bb1 Rxf6 36.
Rhc1 Rxf2 37. Rc8+ Rxc8 38. Rxc8+ Kg7 39. Kc3 Nc6 40. Ba2 Ne7 41. Rc7 Kf6 42. Ra7 b5 43. Bxd5 Nxd5+ 44. Kb2 Rxd2+ 45. Ka3 Nxe3 46. h4 Nc2+ 47. Kb2 Nxd4+ 48. Kc3 Rd3+ 49. Kb2 h5 50. Ka1 Kg7 51. Kb1 g5 52. Kc1 gxh4 53. Kb2 h3 54. Ka2 h2 55. Kb2 h1=Q 56. Ka2 Qh2+ 57. Kb1 Rd1# 0-1

[Event "Early-Titled-Tuesday-Blitz-November-28-2023"]
[Site "Chess.com"]
[Date "2023.11.28"]
[Round "2"]
[White "Aradhya2000"]
[Black "patzersame"]
[Result "1-0"]
[WhiteElo "2692"]
[BlackElo "2352"]
[TimeControl "180+1"]
[EndTime "8:18:03 PST"]
[Termination "Aradhya2000 won by resignation"]

1. d4 d5 2. c4 e6 3. Nc3 Nf6 4. cxd5 exd5 5. Bg5 Be7 6. e3 O-O 7. Bd3 c6 8. Nge2 Ne4 9. Bf4 Nxc3 10. bxc3 Bd6 11. O-O Bg4 12. f3 Bh5 13. Qb1 Bg6 14. Bxg6 hxg6 15. Qxb7 Bxf4 16. Nxf4 Nd7 17. Qxc6 Rc8 18.
Qxd5 Rxc3 19. Nxg6 Nf6 20. Qxd8 Rxd8 21. Nf4 Rxe3 22.
Rfd1 Nd5 23. Kf2 Rc3 24. Nxd5 Rxd5 25. Rd2 f5 26. Rad1 f4 27. g3 g5 28. gxf4 gxf4 29.
Rg1+ Kf7 30. Rg4 Rf5 31. d5 Ke7 32. d6+ Kd7 33. Rg7+ Kd8 34. Rxa7 Rh5 35. Kg2 Rg5+ 36. Kh3 Rc6 37. Rb2 Rg6 38. Rb8+ Rc8 39. Rxc8+ Kxc8 40. Ra4 Rh6+ 41. Kg2 Rg6+ 42. Kh3 Rh6+ 43. Kg4 Rxh2 44. Rxf4 Rxa2 45. Rf7 Rd2 46. d7+ Kd8 47.
f4 Rd1 48. f5 Rg1+ 49. Kh5 Kc7 50. f6 Kd8 51. Kh6 Kc7 52. Rg7 Rh1+ 53. Kg6 Kd8 54. Rg8+ Kxd7 55. f7 Rg1+ 56. Kh5 1-0

[Event "Early-Titled-Tuesday-Blitz-November-28-2023"]
[Site "Chess.com"]
[Date "2023.11.28"]
[Round "2"]
[White "acertijo08"]
[Black "Tartody"]
[Result "0-1"]
[WhiteElo "2288"]
[BlackElo "2582"]
[TimeControl "180+1"]
[EndTime "8:18:03 PST"]
[Termination "Tartody won by resignation"]

1. e4 d5 2. exd5 Qxd5 3. Nc3 Qa5 4. d4 Nf6 5. Nf3 Nc6 6. Bb5 Ne4 7. Qd3 Nxc3 8. bxc3 a6 9. Bxc6+ bxc6 10. O-O Be6 11.
Ne5 f6 12. Qf3 Qd5 13. Qxd5 cxd5 14. Nd3 Bf7 15. Re1 e6 16. Rb1 Kd7 17. Bf4 Bd6 18. Bxd6 Kxd6 19. Nc5 Rhb8 20. f3 Rb6 21. Na4 Rb5 22.
Nc5 Rab8 23. Rb3 a5 24. a4 R5b6 25. Kf2 e5 26. Ke3 Bg6 27. Re2 Bxc2 28. Rxb6+ cxb6 29. Na6 Ra8 30. Rxc2 Rxa6 31. c4 Ra7 32. cxd5 Kxd5 33. dxe5 fxe5 34. Rc8 h6 35. Rd8+ Kc4 36. Ke4 Kb4 37.
Rb8 Ra6 38. Rb7 g5 39. g3 Kxa4 40. Kxe5 b5 41. f4 gxf4 42. gxf4 b4 43. f5 b3 44. f6 Ka3 45. f7 Ra8 46. h4 b2 47.
h5 a4 48. Kf6 Ka2 49. Kg6 b1=Q+ 50. Rxb1 Kxb1 51. Kxh6 a3 0-1

[Event "Early-Titled-Tuesday-Blitz-November-28-2023"]
[Site "Chess.com"]
[Date "2023.11.28"]
[Round "2"]
[White "SmirnovTimofey2000"]
[Black "GrumbleBruno"]
[Result "0-1"]
[WhiteElo "2075"]
[BlackElo "2436"]
[TimeControl "180+1"]
[EndTime "8:18:03 PST"]
[Termination "GrumbleBruno won by resignation"]

1. d4 Nf6 2. Bf4 c6 3. c3 Qb6 4. Qb3 d6 5. e3 Nh5 6. Bg3 Nxg3 7. hxg3 Be6 8. Qc2 Nd7 9. Nd2 Nf6 10. Ngf3 g6 11.
Ng5 Bd7 12. Bd3 Bg7 13. Qb3 d5 14. Ndf3 h6 15. Nh3 Ng4 16. O-O-O Qxb3 17. axb3 O-O-O 18. Kd2 Rde8 19. Ra1 a6 20. Ke2 g5 21. e4 dxe4 22.
Bxe4 f5 23. Bd3 e5 24. dxe5 Bxe5 25. Nxe5 Nxe5 26. Kd2 Rd8 27. Kc2 Nxd3 28. Kxd3 f4 29. Kc2 Bf5+ 30. Kc1 fxg3 31. fxg3 Bxh3 32. gxh3 Rhf8 33.
Re1 Rf2 34. Kb1 Rdd2 35. Ra2 Rf3 36. Rg1 Rdd3 37. Kc2 Rxg3 38. Rxg3 Rxg3 39. Ra4 Rxh3 40. Rf4 gxf4 0-1

[Event "Early-Titled-Tuesday-Blitz-November-28-2023"]
[Site "Chess.com"]
[Date "2023.11.28"]
[Round "2"]
[White "The_Straightforward_Rook"]
[Black "adapodadei"]
[Result "0-1"]
[WhiteElo "2466"]
[BlackElo "2730"]
[TimeControl "180+1"]
[EndTime "8:18:04 PST"]
[Termination "adapodadei won by resignation"]

1. e4 c6 2. Nc3 d5 3. Nf3 Bg4 4. h3 Bxf3 5. Qxf3 e6 6. Qg3 h5 7. d3 h4 8. Qh2 Bd6 9. Bf4 Bxf4 10. Qxf4 Nd7 11. exd5 exd5 12. O-O-O Ne7 13. Re1 Nf8 14. Be2 Ne6 15. Qg4 Qd6 16. Kb1 Qf4 17. Qxf4 Nxf4 18. Bf3 Rh6 19. Ne2 Ne6 20. Nc1 Kd7 21. c3 Nf4 22.
Kc2 Rg6 23. Rhg1 f5 24. d4 Nc8 25. Nd3 Nxd3 26. Kxd3 Nd6 27. Re5 Re8 28. Rxe8 Nxe8 29. g3 Nd6 30. g4 Ne4 31. Bxe4 fxe4+ 32. Ke2 Rf6 33. g5 Rf3 34. Rg4 Rxh3 35. Rf4 Ke6 36. g6 Rf3 37. Rxh4 Kf5 38. Rh8 Kxg6 39. Rd8 Rf7 40.
a4 a6 41. a5 Kf5 42. Rb8 g5 43. Rg8 Kf4 44. Rb8 Kf5 45. Rg8 Kf6 46. Rb8 Rg7 47. Rf8+ Ke7 48. Rb8 Kd6 49. Rd8+ Kc7 50. Rf8 g4 51.
Rh8 g3 52. fxg3 Rxg3 53. Rh7+ Kb8 54. Kd2 Rg2+ 55. Kc1 Rg1+ 56. Kc2 Ra1 57. b4 Ra2+ 58. Kc1 e3 59. Re7 e2 60. Kb1 Rd2 61. Kc1 Rd1+ 0-1